 Seeded DCSS version 0.29.1-1-gd02db6906a (webtiles) character file.

Game seed: 11899657880823209016 (custom seed)

12175 Iusername the Protected (level 11, -15/102 HPs)
             Began as a Minotaur Fighter on Sept 26, 2022.
             Demolished by a shadow (22 damage)
             ... on level 12 of the Dungeon.
             The game lasted 00:14:11 (13455 turns).

Iusername the Protected (Minotaur Fighter)         Turns: 13455, Time: 00:14:12

Health: -15/102    AC:  0    Str: 24    XL:     11   Next: 59%
Magic:  10/10      EV: 14    Int:  5    God:
Gold:   572        SH:  0    Dex: 11    Spells: 10/10 levels left

rFire   . . .      SeeInvis .   (weapon currently unavailable)
rCold   . . .      Faith    .   (shield currently unavailable)
rNeg    . . .      Spirit   .   (body armour currently unavailable)
rPois   .          Reflect  .   (helmet currently unavailable)
rElec   .          Harm     .   (cloak currently unavailable)
rCorr   .          Rampage  .   (gloves currently unavailable)
Will    .....                   (boots currently unavailable)
Stlth   ++........              (no amulet)
HPRegen 0.27/turn               (ring currently unavailable)
MPRegen 0.12/turn               (ring currently unavailable)

@: pig-form, slowed
A: fast, no casting, small, (horns 2), (retaliatory headbutt)
a: no special abilities


You were on level 12 of the Dungeon.
You were a filthy swine.
You visited 1 branch of the dungeon, and saw 12 of its levels.

You collected 572 gold pieces.

Inventory:

Hand Weapons
 P - the +5 trident "Cifuhoem" (melded) {freeze, Str+2}
   (You found it on level 11 of the Dungeon)

   It freezes those it strikes, dealing additional cold damage.
   It can also slow down cold-blooded creatures.
   Str:       It affects your strength (+2).
Missiles
 A - 2 throwing nets (quivered)
Armour
 c - a +0 buckler (melded)
 j - a +2 cloak (melded)
 p - a +2 plate armour of poison resistance (melded)
 F - a +0 pair of boots (melded)
Jewellery
 a - an amulet of magic regeneration
 k - a ring of willpower (melded)
 o - an amulet of faith
 y - a ring of fire
 E - a ring of ice
 G - a ring of protection from fire
Wands
 d - a wand of mindburst (7)
 B - a wand of polymorph (16)
 O - a wand of quicksilver (13)
Scrolls
 e - 3 scrolls of magic mapping
 h - 4 scrolls of noise
 l - a scroll of brand weapon
 m - 3 scrolls of enchant weapon {unknown}
 n - 2 scrolls of silence
 q - 4 scrolls of blinking
 r - 2 scrolls of teleportation
 x - 2 scrolls of torment {unknown}
 z - 2 scrolls of amnesia {unknown}
 D - 2 scrolls of fog {unknown}
 H - a scroll of summoning {unknown}
 M - 2 scrolls of identify
 N - a scroll of immolation {unknown}
Potions
 b - 2 potions of lignification {unknown}
 f - a potion of degeneration {unknown}
 g - a potion of heal wounds
 i - 3 potions of resistance
 s - a potion of berserk rage {unknown}
 t - a potion of attraction {unknown}
 u - 2 potions of haste {unknown}
 v - 6 potions of curing {unknown}
 w - 2 potions of mutation {unknown}
 C - 3 potions of brilliance {unknown}
 I - a potion of flight {unknown}
 J - a potion of magic {unknown}
 K - a potion of ambrosia {unknown}


   Skills:
 + Level 11.5 Fighting
 - Level 10.0 Polearms
 + Level 14.2 Armour
 + Level 2.3 Dodging
 + Level 1.3 Stealth
 + Level 9.7 Shields


You had 10 spell levels left.
You didn't know any spells.
Your spell library contained the following spells:

 Spells                   Type           Power      Damage    Failure   Level
 Magic Dart               Conj           0%         1d3       47%         1
 Sting                    Tmut/Pois      0%         1d3       47%         1
 Blink                    Tloc           0%         N/A       63%         2
 Call Imp                 Summ           0%         N/A       63%         2
 Wereblood                Tmut           0%         N/A       63%         2
 Mephitic Cloud           Conj/Pois/Air  0%         N/A       85%         3
 Portal Projectile        Hex/Tloc       0%         N/A       85%         3
 Tukima's Dance           Hex            0%         N/A       85%         3
 Alistair's Intoxication  Tmut/Pois      0%         N/A       100%        5
 Blade Hands              Tmut           0%         N/A       100%        5
 Borgnjor's Vile Clutch   Necr/Erth      0%         N/A       100%        5
 Manifold Assault         Tloc           0%         N/A       100%        5
 Eringya's Noxious Bog    Tmut/Pois      0%         N/A       100%        6
 Monstrous Menagerie      Summ           0%         N/A       100%        7
 Spellforged Servitor     Conj/Summ      0%         N/A       100%        7
 Storm Form               Tmut/Air       0%         N/A       100%        7


Dungeon Overview and Level Annotations

Branches:
Dungeon (12/15)            Temple (0/1) D:4            Lair (0/5) D:10
    Orc (0/2) D:10

Altars:
Ashenzari
Dithmenos
Elyvilon
Fedhas
Gozag
Makhleb
Nemelex Xobeh
Qazlal
Sif Muna
Trog
Wu Jian
Yredelemnul
Zin

Shops:
D:1 ?   D:7 *   D:10 *

Annotations:
D:5 1 runed translucent door, mortz's ghost, novice KoEE
D:6 3 runed translucent doors, Iamsock's ghost, novice GnWn
D:12 Kirke


Innate Abilities, Weirdness & Mutations

You are a filthy swine.
You move quickly.
Your equipment is almost entirely melded.
You are incapable of wielding weapons or throwing items.
You cannot cast spells.
((You have a pair of horns on your head.))
((You reflexively headbutt those who attack you in melee.))


Message History

Something hits you but does no damage. x2
The vampire mosquito bites you but does no damage.
The hog bites you.
The hog bites you but does no damage. x2
Something hits you but does no damage.
The vampire mosquito bites you but does no damage.
You block the wraith's attack. The hog closely misses you.
The hog barely misses you.
You puncture the hog! You freeze the hog. You headbutt the hog.
You kill the hog!
Something hits you but does no damage. x2
You block the vampire mosquito's attack.
The vampire mosquito barely misses you. The hog bites you but does no damage.
Something hits you.
Unknown command.
Something hits you. Something hits you but does no damage.
The hog bites you but does no damage.
You hear some strange, mumbled words.
You turn into a filthy swine.
The +5 trident "Cifuhoem" {freeze, Str+2} melds into your body.
Your +2 cloak melds into your body.
Your +0 pair of boots melds into your body.
Your +0 buckler melds into your body.
Your +2 plate armour of poison resistance melds into your body.
Your ring of willpower melds into your body.
The +5 trident "Cifuhoem" {freeze, Str+2} stops glowing.
You no longer feel resistant to poison.
The wraith misses you. The hog bites you! The vampire mosquito bites you.
The vampire mosquito draws strength from your injuries!
Something hits you. Something hits you!
* * * LOW HITPOINT WARNING * * *
You see here a hog corpse.
You hit something but do no damage. Something hits you.
* * * LOW HITPOINT WARNING * * *
The vampire mosquito misses you. The hog bites you!
* * * LOW HITPOINT WARNING * * *
The hog bites you!
* * * LOW HITPOINT WARNING * * *
The vampire mosquito closely misses you.
The shadow strikes at you from the darkness!
You die...

#################
....................# ♣♣
...†................#
...
....................#♣..
....................#.♣
......................
.............{......#
....>........<{hh{..#
......^.........hy..#
................W...#
#################.#.#
#...# ##..# #.# ##


You could see 2 hogs, a wraith and a vampire mosquito.

Vanquished Creatures
  Erolcha (D:10)
  3 two-headed ogres
  Erica (D:11)
  An ugly thing (D:11)
  A manticore (D:12)
  A komodo dragon (D:10)
  A troll (D:10)
  24 yaks
  A shadow (D:10)
  A wyvern (D:10)
  3 hogs (D:12)
  An acid dragon (D:10)
  A water moccasin (D:7)
  An orc warrior (D:9)
  An ice beast (D:7)
  A black bear (D:6)
  2 ogres
  4 centaurs
  A phantom (D:5)
  4 kobold brigands
  2 bullfrogs (D:7)
  2 necrophages
  7 scorpions
  7 wights (D:9)
  17 killer bees
  A howler monkey (D:10)
  A jelly (D:6)
  6 orc priests
  A gnoll bouda (D:4)
  2 hounds
  10 orc wizards
  2 iguanas
  Natasha (thrice) (D:2)
  4 adders
  5 gnolls (D:4)
  2 white imps (D:6)
  An ufetubus (D:5)
  5 dart slugs
  34 orcs
  3 ball pythons
  8 endoplasms
  4 giant cockroaches
  5 goblins
  3 hobgoblins
  2 quokkas
  3 bats (D:3)
  6 frilled lizards
  19 kobolds
  4 rats
  A bush (D:10)
224 creatures vanquished.

Vanquished Creatures (others)
  5 plants (D:10)
5 creatures vanquished.

Grand Total: 229 creatures vanquished

Notes
Turn   | Place    | Note
-------+----------+-------------------------------------------
     0 | D:1      | Iusername the Minotaur Fighter began the quest for the Orb.
     0 | D:1      | Reached XP level 1. HP: 19/19 MP: 0/0
   135 | D:1      | Found Enumim's Magic Scroll Shoppe.
   205 | D:1      | Reached XP level 2. HP: 27/27 MP: 1/1
   595 | D:1      | Reached skill level 4 in Armour
   915 | D:2      | Noticed Natasha
   920 | D:2      | Killed Natasha
   921 | D:2      | Reached XP level 3. HP: 32/33 MP: 2/2
  1177 | D:2      | Noticed Natasha
  1182 | D:2      | Killed Natasha
  1183 | D:2      | Reached XP level 4. HP: 40/40 MP: 3/3
  1197 | D:2      | Noticed Natasha
  1214 | D:2      | Killed Natasha
  1660 | D:2      | Found a glowing silver altar of Zin.
  2264 | D:3      | Found a stormy altar of Qazlal.
  2265 | D:3      | Found a basalt altar of Yredelemnul.
  2271 | D:3      | Found an ornate altar of the Wu Jian Council.
  2544 | D:3      | Reached XP level 5. HP: 46/46 MP: 4/4
  3152 | D:4      | Reached skill level 5 in Polearms
  3183 | D:4      | Reached skill level 5 in Armour
  3556 | D:4      | Reached XP level 6. HP: 51/55 MP: 5/5
  3600 | D:4      | Reached skill level 5 in Fighting
  3836 | D:4      | Reached skill level 6 in Armour
  4620 | D:4      | Reached XP level 7. HP: 61/61 MP: 6/6
  4633 | D:4      | Found a staircase to the Ecumenical Temple.
  4689 | D:5      | Entered Level 5 of the Dungeon
  4689 | D:5      | Noticed mortz's ghost (novice KoEE)
  4689 | D:5      | Found a runed translucent door.
  4895 | D:5      | Found a sparkling altar of Nemelex Xobeh.
  4895 | D:5      | Found a shimmering blue altar of Sif Muna.
  4946 | D:5      | Found a broken altar of Ashenzari.
  5076 | D:5      | Found an opulent altar of Gozag.
  5079 | D:5      | Found a white marble altar of Elyvilon.
  5373 | D:6      | Reached skill level 7 in Armour
  5428 | D:6      | Found a runed translucent gate.
  5428 | D:6      | Found a runed translucent gate.
  5430 | D:6      | Found a runed translucent gate.
  5433 | D:6      | Noticed Iamsock's ghost (novice GnWn)
  5457 | D:6      | Reached XP level 8. HP: 70/70 MP: 7/7
  6267 | D:7      | Found Zokash's General Store.
  6524 | D:7      | Reached skill level 5 in Shields
  6531 | D:7      | Reached skill level 10 in Polearms
  6667 | D:7      | Found a burning altar of Makhleb.
  6760 | D:8      | Reached skill level 8 in Armour
  6760 | D:8      | Reached XP level 9. HP: 78/78 MP: 8/8
  6900 | D:8      | Reached skill level 1 in Dodging
  7303 | D:8      | Reached skill level 9 in Armour
  7393 | D:8      | Reached skill level 10 in Armour
  7689 | D:8      | Reached XP level 10. HP: 29/90 MP: 9/9
  8791 | D:9      | Reached skill level 11 in Armour
  8813 | D:9      | Noticed a two-headed ogre
  8824 | D:9      | Killed a two-headed ogre
  8825 | D:9      | Reached skill level 1 in Stealth
  9604 | D:9      | Found a bloodstained altar of Trog.
  9677 | D:9      | Reached skill level 12 in Armour
 10225 | D:9      | Found a blossoming altar of Fedhas.
 10311 | D:10     | Entered Level 10 of the Dungeon
 10325 | D:10     | Reached skill level 10 in Fighting
 10400 | D:10     | Noticed a two-headed ogre
 10411 | D:10     | Killed a two-headed ogre
 10980 | D:10     | Found a staircase to the Orcish Mines.
 11030 | D:10     | Reached XP level 11. HP: 82/101 MP: 10/10
 11174 | D:10     | Found a shadowy altar of Dithmenos.
 11491 | D:10     | Found Dikhlox's Fire Supplies.
 11516 | D:10     | Noticed Erolcha
 11524 | D:10     | Killed Erolcha
 11525 | D:10     | Reached skill level 13 in Armour
 11555 | D:10     | Found a staircase to the Lair.
 12139 | D:11     | Noticed Erica
 12163 | D:11     | Killed Erica
 12275 | D:11     | Got the Secrets of Metamorphic Accomplices
 12342 | D:11     | Identified the +5 trident "Cifuhoem" {freeze, Str+2}
 12371 | D:11     | Found an ornate altar of the Wu Jian Council.
 12473 | D:11     | Noticed a two-headed ogre
 12478 | D:11     | Killed a two-headed ogre
 12688 | D:11     | Noticed a brown ugly thing
 12698 | D:11     | Killed a brown ugly thing
 12817 | D:11     | Reached skill level 14 in Armour
 13444 | D:12     | Noticed Kirke
 13455 | D:12     | Demolished by a shadow

Illustrated notes

Levels and vault maps discovered:
D:1:      dpeg_arrival_boxorama, layout_basic, serial_shops,
          nicolae_shop_waterfront
D:2:      layout_loops_ring, basic_altar, uniq_natasha
D:3:      layout_loops_corners, minitemple, minmay_checkerbox
D:4:      layout_rooms, temple_hall, solitary_fountain, minivault_1,
          nicolae_hexahallways, minmay_misc_feat_pillars
D:5:      layout_loops_ring, grunt_temple_overflow_cloverleaf,
          mainiacjoe_overflow_concentric_impassable,
          ebering_ghost_reflecting_pool
D:6:      layout_cave_pods, gammafunk_ghost_necromancy, minivault_5,
          kennysheep_donut
D:7:      layout_rooms, kennysheep_little_box, serial_shops, shop
D:8:      layout_gridville, nicolae_ossuary_entry_plus, grunt_ministairs_5
D:9:      layout_cave_pools, fedhas_altar_fruit_tree, trog_book
D:10:     layout_long_grid, general_overflow_altar, david_lair_shrubbed,
          orc_0_dummy, nicolae_shop_fire_sale [nicolae_sub_dead_trees],
          kb_lookout_dungeons_type, uniq_erolcha
D:11:     layout_stronghold, minmay_tree_intersection,
          nicolae_wu_jian_immortal_techniques, uniq_erica
D:12:     nzn_winding_woodlands_cross [nzn_winding_woodlands_5x15_jagged,
          nzn_winding_woodlands_5x15_crooked, nzn_winding_woodlands_5x15_zeroes,
          nzn_winding_woodlands_5x15_cabin,
          nzn_winding_woodlands_15x15_eel_pit], layout_cross, uniq_kirke

Skill      XL: |  1  2  3  4  5  6  7  8  9 10 11 |
---------------+----------------------------------+-----
Armour         | 4 5 6 7 8 10 12 14 | 14.2
Fighting       | 4 5 6 8 10 11 | 11.5
Polearms       | 3 4 5 6 7 10 | 10.0
Shields        | 4 5 7 8 9 |  9.7
Dodging        | 1 2 |  2.3
Stealth        | 1 |  1.3

Action                   |  1- 3 |  4- 6 |  7- 9 | 10-12 || total
-------------------------+-------+-------+-------+-------++-------
Melee: Trident           |    43 |   206 |   255 |   179 ||   683
       Headbutt          |     7 |    19 |    48 |    75 ||   149
       Spear             |       |       |       |   175 ||   175
       Unarmed           |       |       |       |     1 ||     1
  Use: Scroll            |       |     5 |     2 |     1 ||     8
       Potion            |       |     1 |     1 |     3 ||     5
Armor: Scale mail        |     9 |    16 |       |       ||    25
       Plate armour      |       |   113 |   138 |   206 ||   457
Dodge: Dodged            |     8 |    66 |    73 |    90 ||   237
Block: Buckler           |       |    35 |    54 |    86 ||   175
